 Dungeon Crawl Stone Soup version 0.30-a0-571-gdf30a72648 (webtiles) character file.

Game seed: 15404493073099290447

473 IdlyInterested the Cudgeller (level 6, -5/57 (75) HPs)
             Began as a Demonspawn Berserker on Dec 29, 2022.
             Was a Believer of Trog.
             Slain by a wight
             ... wielding a +1 long sword of freezing
              (6 damage)
             ... on level 4 of the Dungeon.
             The game lasted 00:08:54 (3455 turns).

IdlyInterested the Cudgeller (Demonspawn Berserker) Turns: 3455, Time: 00:08:55

HP:   -5/57 (75)    AC:  7    Str: 20    XL:     6   Next: 84%
MP:   6/6           EV: 12    Int:  8    God:    Trog [**....]
Gold: 246           SH:  0    Dex: 12    Spells: 5/5 levels left

rFire   + . .      SeeInvis .    a - +0 mace (freeze)
rCold   . . .      Faith    .    (no shield)
rNeg    . . .      Spirit   .    c - +2 robe {rF+}
rPois   .          Reflect  .    (helmet restricted)
rElec   .          Harm     .    (no cloak)
rCorr   .          Rampage  .    g - +2 pair of gloves
Will    .....                    (no boots) Stlth
                                 (no amulet)
HPRegen 0.29/turn                (no ring)
MPRegen 0.10/turn                (no ring)

@: berserking, heavily drained, very quick
A: antennae 2, demonic guardian 1, demonic magic 1
a: Renounce Religion, Berserk, Trog's Hand


You were on level 4 of the Dungeon.
You worshipped Trog.
Trog was pleased with you.
You visited 1 branch of the dungeon, and saw 4 of its levels.

You collected 246 gold pieces.

Inventory:

Hand Weapons
 a - a +0 mace of freezing (weapon)
 x - a +0 flail
Missiles
 h - 17 stones (quivered)
 i - 10 atropa-tipped darts
 y - 5 poisoned darts
Armour
 c - a +2 robe of fire resistance (worn)
 g - a +2 pair of gloves (worn)
Scrolls
 d - 4 scrolls of vulnerability
 j - a scroll of enchant weapon {unknown}
 k - 3 scrolls of identify {unknown}
 p - 2 scrolls of amnesia {unknown}
 q - 2 scrolls of teleportation {unknown}
 s - a scroll of torment {unknown}
 t - a scroll of fog {unknown}
 u - a scroll of noise {unknown}
 v - a scroll of acquirement {unknown}
 w - 2 scrolls of enchant armour {unknown}
Potions
 b - 2 potions of might {unknown}
 e - a potion of attraction {unknown}
 f - 6 potions of curing
 l - a potion of haste {unknown}
 m - a potion of heal wounds {unknown}
 n - a potion of degeneration {unknown}
 o - a potion of ambrosia {unknown}
 r - 2 potions of lignification {unknown}
 z - a potion of flight {unknown}


   Skills:
 * Level 4.9 Fighting
 + Level 4.9 Maces & Flails
 + Level 0.3 Throwing
 * Level 3.1 Armour
 - Level 2.0 Dodging
 - Level 2.0 Stealth


You had 5 spell levels left.
You didn't know any spells.
Your spell library was empty.

Dungeon Overview and Level Annotations

Branches:
Dungeon (4/15)
 Temple: D:4-7

Altars:
Nemelex Xobeh
Okawaru
Wu Jian
Xom


Innate Abilities, Weirdness & Mutations

You have a pair of antennae on your head.
A weak demonic guardian rushes to your aid.
Spells you cast may paralyse adjacent enemies.


Message History

The kobold hits you with a +2 short sword of freezing.
The kobold freezes you.
You hit the kobold. You freeze the kobold.
You kill the kobold!
Trog accepts your kill.
Throw: 18 stones
Press: ? - help, Q - select action, (/) - cycle Shift-Dir - straight line, f - wight
Aim: a wight, wielding a +1 long sword of freezing and wearing a +0 robe (59% to hit)
You throw a stone.
The stone hits the wight but does no damage.
You closely miss the wight.
The wight hits you with a +1 long sword of freezing.
You feel drained. The wight freezes you.
You sock the wight! You freeze the wight.
The wight is severely damaged.
The wight hits you from afar with a +3 halberd!
You feel drained.
The wight hits you with a +1 long sword of freezing.
You feel drained. The wight freezes you.
A red film seems to cover your vision as you go berserk!
You feel yourself moving faster!
You feel mighty!
The wight hits you from afar with a +3 halberd.
You feel drained.
The wight hits you with a +1 long sword of freezing!
You feel drained. The wight freezes you.
You closely miss the wight. You punch the wight, but do no damage.
The wight is severely damaged.
The wight hits you from afar with a +3 halberd.
* * * LOW HITPOINT WARNING * * *
The wight hits you with a +1 long sword of freezing.
* * * LOW HITPOINT WARNING * * *
You feel drained. The wight freezes you.
* * * LOW HITPOINT WARNING * * *
You hit the wight.
The wight is severely damaged.
The wight barely misses you.
The wight hits you with a +1 long sword of freezing!
* * * LOW HITPOINT WARNING * * *
A demonic guardian appears!
You feel drained.
You die...

.# .. # .# #... # #.#.
##. #.. ... ... .....
#.## #.# #..># #@###.#
#...# #####z#)# #...#
#....5z.#
###...#######....###.#
........)...#.#.## !.
...........†....# ...
............#...# ...
###...#######....# ..
#...# #....... #


You could see 2 wights and a friendly iron imp (summoned).

Vanquished Creatures
  A phantom (D:3)
  A necrophage (D:4)
  A scorpion (D:4)
  3 jellies (D:4)
  Robin (D:4)
  3 gnolls (D:3)
  6 adders
  An ufetubus (D:4)
  2 worms
  4 dart slugs
  2 orcs
  2 bats (D:1)
  7 endoplasms
  A giant cockroach (D:4)
  14 goblins
  7 hobgoblins
  3 jackals (D:1)
  3 kobolds
  A quokka (D:4)
  5 ball pythons
  3 frilled lizards
  4 rats
75 creatures vanquished.

Vanquished Creatures (collateral kills)
  A worm (D:3)
  A quokka (D:1)
  A bat (D:3)
3 creatures vanquished.

Grand Total: 78 creatures vanquished

Notes
Turn   | Place    | Note
-------+----------+-------------------------------------------
     0 | D:1      | IdlyInterested the Demonspawn Berserker began the quest for
                  | the Orb.
     0 | D:1      | Reached XP level 1. HP: 18/18 MP: 1/1
   193 | D:1      | Gained mutation: A weak demonic guardian rushes to your
                  | aid. [demonic ancestry]
   193 | D:1      | Reached XP level 2. HP: 24/24 MP: 2/2
   958 | D:2      | Gained mutation: You have a pair of small antennae on your
                  | head. [demonic ancestry]
   958 | D:2      | Reached XP level 3. HP: 12/29 MP: 3/3
  1093 | D:2      | Found a faded altar of an unknown god.
  1857 | D:3      | Gained mutation: Spells you cast may paralyse adjacent
                  | enemies. [demonic ancestry]
  1857 | D:3      | Reached XP level 4. HP: 37/37 MP: 4/4
  2037 | D:3      | Reached ** piety under Trog
  2038 | D:3      | Reached skill level 1 in Stealth
  2058 | D:3      | Found an iron altar of Okawaru.
  2428 | D:3      | Noticed a phantom
  2447 | D:3      | Killed a phantom
  2448 | D:3      | Reached XP level 5. HP: 29/42 MP: 5/5
  2821 | D:4      | Gained mutation: You have a pair of antennae on your head.
                  | [demonic ancestry]
  2821 | D:4      | Reached XP level 6. HP: 35/49 MP: 6/6
  2945 | D:4      | Found an ornate altar of the Wu Jian Council.
  3166 | D:4      | Found a sparkling altar of Nemelex Xobeh.
  3202 | D:4      | Noticed Robin
  3216 | D:4      | Killed Robin
  3357 | D:4      | Found a shimmering altar of Xom.
  3455 | D:4      | HP: 1/60 [wight/+1 long sword of freezing (13)]
  3455 | D:4      | Slain by a wight

Illustrated notes

Levels and vault maps discovered:
D:1:      minmay_arrival_loop, layout_loops_cross
D:2:      layout_loops_cross, ebering_ecumenical_altar_sacrificial
D:3:      layout_basic, nicolae_overflow_hidden_temple, minmay_starry_boxes
D:4:      layout_loops_cross, dk_xom_monty_hall, nemelex_dance_club_becter,
          nicolae_wu_jian_wuxing_cycle, lightli_minifort, uniq_duvessa,
          uniq_robin

Skill      XL: |  1  2  3  4  5  6 |
---------------+-------------------+-----
Maces & Flails | 3 4 |  4.9
Armour         | 2 3 |  3.1
Dodging        | 2 |  2.0
Stealth        | 1 2 |  2.0
Fighting       | 4 |  4.9
Throwing       | |  0.3

Action                   |  1- 3 |  4- 6 || total
-------------------------+-------+-------++-------
Melee: Mace              |    94 |   143 ||   237
       Punch             |     2 |     2 ||     4
Throw: Stone             |       |    37 ||    37
Invok: Berserk           |       |     2 ||     2
  Use: Scroll            |     4 |       ||     4
       Potion            |     1 |       ||     1
 Stab: Sleeping          |     3 |     2 ||     5
Armor: Robe              |    34 |    53 ||    87
Dodge: Dodged            |    83 |    88 ||   171

Table legend: (Time is in decaauts)
 A = Elapsed time spent in this place.
 B = Non-inter-level travel time spent in this place.
 C = Inter-level travel time spent in this place.
 D = Time resting spent in this place.
 E = Time spent auto-exploring this place.
 F = Levels seen in this place.
 G = Mean time per level.
                   A        B        C        D        E       F      G
               +--------+--------+--------+--------+--------+-----+--------+
         Total |   3513 |   3076 |    437 |    213 |   1827 |   4 |  878.2 |
       Dungeon |   3513 |   3076 |    437 |    213 |   1827 |   4 |  878.2 |
               +--------+--------+--------+--------+--------+-----+--------+

Top non-repeatable levels by time:
     D:3: 1135 daAuts
     D:1: 918 daAuts
     D:2: 864 daAuts
     D:4: 595 daAuts
